 Dungeon Sprint DCSS version 0.21.1-1-g345015fe64 (webtiles) character file.

6356 Denreik the Warrior (level 11, -1/108 HPs)
             Began as a Formicid Fighter on May 19, 2018.
             Was a High Priest of the Shining One.
             Slain by a catoblepas (14 damage)
             ... in the Dungeon (Sprint IX: "|||||||||||||||||||||||||||||").
             The game lasted 00:13:00 (1484 turns).

Denreik the Warrior (Formicid Fighter)              Turns: 1484, Time: 00:13:01

Health: -1/108     AC: 15    Str: 23    XL:     11   Next: 17%
Magic:  12/17      EV:  2    Int:  9    God:    the Shining One [*****.]
Gold:   4          SH:  0    Dex: 13    Spells: 2/10 levels left

rFire    . . .     SeeInvis +   a - +10 zealot's sword {holy, *Rage rN+ EV+3}
rCold    . . .     Gourm    .   c - +0 shield
rNeg     + + +     Faith    .   v - +1 chain mail
rPois    ∞         Spirit   .   (helmet unavailable)
rElec    .         Reflect  .   (no cloak)
rCorr    .         Harm     .   (no gloves)
MR       +....                  (no boots)
Stlth    ..........             (no amulet)
HPRegen  0.28/turn              l - +3 ring of dexterity
MPRegen  0.15/turn              w - +2 ring of protection

@: divine shield, petrified, glowing
A: permanent stasis, dig shafts and tunnels, four strong arms, antennae 3
a: Dig, Divine Shield, Cleansing Flame, Summon Divine Warrior, Renounce Religion


You were in the Dungeon.
You worshipped the Shining One.
The Shining One was extremely pleased with you.
You were near starving.

You visited 1 branch You collected 4 gold pieces.

Inventory:

Hand Weapons
 a - the +10 zealot's sword (weapon) {holy, *Rage rN+ EV+3}
   (You found it in the Dungeon)

   It has been blessed by the Shining One to cause great damage to the undead
   and demons.
   It affects your evasion (+3).
   It protects you from negative energy.
   It may make you go berserk in combat.
 b - a +4 quarterstaff of speed
 q - a +1 broad axe of freezing
 r - a +2 halberd of venom
 s - a +2 morningstar of crushing
 u - a +2 flail of holy wrath
Armour
 c - a +0 shield (worn)
 v - a +1 chain mail (worn)
 x - a +0 troll leather armour
Magical Staves
 p - an uncursed staff of energy
Jewellery
 l - a +3 ring of dexterity (left hand)
 w - a +2 ring of protection (right hand)
Wands
 o - a wand of iceblast (10)
Scrolls
 k - 3 scrolls of blinking
 m - 4 scrolls of remove curse
 n - 2 scrolls of amnesia
 y - 5 scrolls of fear
Potions
 d - 2 potions of might
 e - 6 potions of curing
 g - 6 potions of heal wounds
 h - a potion of haste
 i - 4 potions of magic
 j - a potion of berserk rage
 z - a potion of mutation
Books
 t - the Catalogue of Beguiling
   (You found it in the Dungeon)

   Spells                             Type                      Level
   a - Confusing Touch                Hexes                        1
   b - Confuse                        Hexes                        3
   c - Yara's Violent Unravelling     Hexes/Transmutation          5
Comestibles
 f - a ration


   Skills:
 * Level 17.6 Fighting
 - Level 2.0 Staves
 - Level 11.4 Armour
 - Level 13.4 Shields
 - Level 12.0 Hexes
 - Level 8.4 Invocations


You had 2 spell levels left.
You knew the following spells:

 Your Spells              Type           Power        Failure   Level  Hunger
a - Confuse               Hex            ###.....     4%          3    ####...
b - Yara's Violent Unrav  Hex/Tmut       ##........   99%         5    ######.


Dungeon Overview and Level Annotations

Branches:
Dungeon (1/1)

Altars:
Cheibriados
Dithmenos
Elyvilon
Fedhas
Gozag
Hepliaklqana
Kikubaaqudgha
Makhleb
Nemelex Xobeh
Okawaru
Qazlal
Ru
Sif Muna
Trog
Uskayaw
Vehumet
Wu Jian
Xom
Yredelemnul
Zin
The Shining One
Beogh
Jiyva
Lugonu


Innate Abilities, Weirdness & Mutations

You cannot be hasted, slowed, berserked, paralysed or teleported.
You can dig through walls and to a lower floor.
Your four strong arms can wield two-handed weapons with a shield.
You have a pair of large antennae on your head. (SInv)


Message History

Your angel is engulfed in calcifying dust.
Something gores your angel!
Your angel is engulfed in calcifying dust.
You have turned to stone.
You are engulfed in calcifying dust.
Your angel is engulfed in calcifying dust.
Something gores your angel!!
Your angel is engulfed in calcifying dust.
You are engulfed in calcifying dust.
Your angel dissolves into sparkling lights!
The catoblepas breathes a plume of calcifying dust at you.
The blast of calcifying dust hits you!
You are engulfed in calcifying dust.
You are near starving!
The catoblepas breathes a plume of calcifying dust at you.
The blast of calcifying dust hits you!
* * * LOW HITPOINT WARNING * * *
You are engulfed in calcifying dust. x2
The catoblepas gores you!!
You die... { {{{ {{{{{{{{{{{{ {{{{{{{{{{{{{

{
▓▓▓▓▓▓▓▓▓▓▓▓▓▓▓▓▓▓▓▓▓▓▓▓▓▓▓▓▓▓▓▓▓
YY†YY...†...'.YY@§§§..'.......)..
▓▓▓▓▓▓▓▓▓▓▓▓▓▓▓▓▓▓▓▓▓▓▓▓▓▓▓▓▓▓▓▓▓
.................................
▓▓▓▓▓▓▓▓▓▓▓▓▓▓▓▓▓▓▓▓▓▓▓▓▓▓▓▓▓▓▓▓▓
.!'________________________'....)
▓▓▓▓▓▓▓▓▓▓▓▓▓▓▓▓▓▓▓▓▓▓▓▓▓▓▓▓▓▓▓▓▓


You could see a catoblepas and a yak.

Vanquished Creatures
  A centaur warrior (D)
  A death yak (D)
  A deep elf mage (D)
  A black mamba (D)
  3 spiny frogs (D)
  A rime drake (D)
  A troll (D)
  4 hippogriffs (D)
  2 yaks (D)
  A water moccasin (D)
  2 porcupines (D)
  2 sky beasts (D)
  2 crocodiles (D)
  A centaur (D)
  5 bullfrogs (D)
  A crimson imp (D)
  A jelly (D)
  A worker ant (D)
  2 adder skeletons (D)
  A leopard gecko (D)
  2 orcs (D)
  A ball python (D)
  A giant cockroach (D)
  A hobgoblin (D)
  A jackal skeleton (D)
  2 rats (D)
42 creatures vanquished.

Vanquished Creatures (collateral kills)
  A catoblepas (D)
  2 death yaks (D)
  A yak (D)
4 creatures vanquished.

Grand Total: 46 creatures vanquished

Notes
Turn   | Place    | Note
-------+----------+-------------------------------------------
     0 | D        | Denreik the Formicid Fighter began the quest for the Orb.
     0 | D        | Reached XP level 1. HP: 18/18 MP: 1/1
    13 | D        | Reached skill level 5 in Shields
    17 | D        | Reached XP level 2. HP: 20/24 MP: 2/2
    29 | D        | Noticed a centaur
    41 | D        | Reached XP level 3. HP: 22/29 MP: 3/3
    58 | D        | Killed a centaur
    58 | D        | Reached skill level 8 in Fighting
    58 | D        | Reached XP level 4. HP: 17/44 MP: 4/4
    58 | D        | Reached XP level 5. HP: 19/49 MP: 5/5
   247 | D        | Found a roughly hewn altar of Beogh.
   247 | D        | Found a snail-covered altar of Cheibriados.
   247 | D        | Found a shadowy altar of Dithmenos.
   247 | D        | Found a white marble altar of Elyvilon.
   247 | D        | Found a blossoming altar of Fedhas.
   247 | D        | Found an opulent altar of Gozag.
   248 | D        | Found a hazy altar of Hepliaklqana.
   249 | D        | Found a viscous altar of Jiyva.
   250 | D        | Found an ancient bone altar of Kikubaaqudgha.
   251 | D        | Found a corrupted altar of Lugonu.
   252 | D        | Found a burning altar of Makhleb.
   253 | D        | Found a sparkling altar of Nemelex Xobeh.
   254 | D        | Found an iron altar of Okawaru.
   255 | D        | Found a stormy altar of Qazlal.
   256 | D        | Found a sacrificial altar of Ru.
   257 | D        | Found a deep blue altar of Sif Muna.
   258 | D        | Found a bloodstained altar of Trog.
   259 | D        | Found a hide-covered altar of Uskayaw.
   260 | D        | Found a radiant altar of Vehumet.
   261 | D        | Found an ornate altar of the Wu Jian Council.
   262 | D        | Found a shimmering altar of Xom.
   263 | D        | Found a basalt altar of Yredelemnul.
   264 | D        | Found a glowing silver altar of Zin.
   265 | D        | Found a glowing golden altar of the Shining One.
   273 | D        | Became a worshipper of the Shining One
   275 | D        | Found the +10 zealot's sword {holy, *Rage rN+ EV+3}
   310 | D        | Noticed a bullfrog
   310 | D        | Reached * piety under the Shining One
   310 | D        | Noticed a sky beast
   310 | D        | Noticed a sky beast
   313 | D        | Reached skill level 9 in Fighting
   315 | D        | Killed a sky beast
   315 | D        | Reached skill level 11 in Fighting
   315 | D        | Reached XP level 6. HP: 58/62 MP: 6/6
   319 | D        | Killed a sky beast
   319 | D        | Reached skill level 12 in Fighting
   320 | D        | Reached ** piety under the Shining One
   324 | D        | Reached skill level 13 in Fighting
   326 | D        | Reached XP level 7. HP: 63/73 MP: 7/7
   378 | D        | Noticed a deep elf mage
   378 | D        | Reached *** piety under the Shining One
   378 | D        | Noticed a centaur warrior
   378 | D        | Noticed a troll
   383 | D        | Killed a troll
   383 | D        | Reached skill level 14 in Fighting
   383 | D        | Reached skill level 10 in Shields
   388 | D        | Noticed a fire elemental
   388 | D        | Noticed a fire elemental
   389 | D        | Killed a centaur warrior
   389 | D        | Reached skill level 16 in Fighting
   389 | D        | Reached XP level 8. HP: 50/85 MP: 8/8
   393 | D        | Killed a deep elf mage
   393 | D        | Reached XP level 9. HP: 37/92 MP: 9/9
   712 | D        | Identified the Catalogue of Beguiling (You found it in the Dungeon)
   724 | D        | Learned a level 3 spell: Confuse
   730 | D        | Learned a level 5 spell: Yara's Violent Unravelling
   743 | D        | Reached **** piety under the Shining One
   743 | D        | Noticed a spiny frog
   743 | D        | Noticed a black mamba
   746 | D        | Noticed a spiny frog
   748 | D        | Noticed a rime drake
   748 | D        | Killed a black mamba
   754 | D        | Killed a spiny frog
   759 | D        | Reached skill level 10 in Hexes
   767 | D        | Killed a spiny frog
   767 | D        | Reached XP level 10. HP: 65/100 MP: 3/14
   772 | D        | Killed a rime drake
   938 | D        | Noticed a spiny frog
   938 | D        | Reached ***** piety under the Shining One
   950 | D        | Reached skill level 5 in Armour
  1277 | D        | Killed a spiny frog
  1312 | D        | Noticed a catoblepas
  1312 | D        | Noticed a death yak
  1312 | D        | Noticed a death yak
  1312 | D        | Noticed a death yak
  1324 | D        | Killed a death yak
  1324 | D        | Reached skill level 10 in Armour
  1338 | D        | Killed a death yak
  1338 | D        | Reached XP level 11. HP: 71/106 MP: 3/17
  1380 | D        | Killed a death yak
  1383 | D        | Noticed a catoblepas
  1392 | D        | Killed a catoblepas
  1392 | D        | Reached skill level 17 in Fighting
  1484 | D        | Slain by a catoblepas

Skill      XL: |  1  2  3  4  5  6  7  8  9 10 11 |
---------------+----------------------------------+-----
Shields        | 5 8 12 13 | 13.4
Fighting       | 8 11 13 16 17 | 17.6
Hexes          | 10 12 | 12.0
Invocations    | 6 8 |  8.4
Armour         | 10 11 | 11.4
Staves         | |  2.0

Action                   |  1- 3 |  4- 6 |  7- 9 | 10-12 || total
-------------------------+-------+-------+-------+-------++-------
Melee: Quarterstaff      |    42 |       |       |       ||    42
       Eudemon blade     |       |    15 |    41 |    51 ||   107
 Cast: Confuse           |       |       |     1 |     7 ||     8
Invok: Divine Shield     |       |       |     1 |     3 ||     4
       Summon Divine War |       |       |       |     2 ||     2
  Use: Potion            |       |       |       |     1 ||     1
  Eat: Chunk             |       |       |       |     3 ||     3
Armor: Scale mail        |    12 |       |       |       ||    12
       Chain mail        |       |     5 |    13 |    33 ||    51
Dodge: Dodged            |    12 |     6 |    14 |    17 ||    49
Block: Shield            |    19 |     9 |    33 |    47 ||   108
       Rpst.: Eudemon blade |       |     1 |     6 |     1 ||     8
